AoeStats
← Dazai

Arabia

506739721Analyzed
2v2 RM · 19d ago on Sep 14, 2026· 33m 29s· 4 players
Game mode
Random Map
Map size
Medium (4 player)
Population
200
Speed
Normal
Resources
Standard
Victory
Conquest
Starting age
Dark Age
Ending age
Imperial Age
RankedLock teamsTeams togetherTeam positionsShared explorationLock speedFull tech treeHidden civsTurbo modeCheats
Victory
Defeat
🇦🇷 Magyars · Argentina
1064
+17
🇦🇷 Aztecs · Argentina
1061
+18
🇺🇸 Mongols · United States
1104
-18
🇺🇸 Vietnamese · United States
1092
-17
Dazai
6:39 Loom
9:09 Feudal Age
10:08 Double-Bit Axe
22:52 Castle Age
21:38 Fletching
22:56 Bloodlines
23:33 Husbandry
24:29 Scale Barding Armor
25:37 Chain Barding Armor
27:06 Stone Mining
PocholA!
6:55 Loom
11:21 Feudal Age
17:33 Castle Age
15:56 Double-Bit Axe
21:17 Elite Skirmisher
22:09 Forging
25:07 Scale Mail Armor
26:06 Eagle Warrior
26:38 Arson
27:53 Squires
27:58 Horse Collar
29:41 Iron Casting
29:29 Gold Mining
31:46 Gold Shaft Mining
31:50 Chain Mail Armor
32:51 Stone Mining
33:08 Fletching
PuddingSmasher32
6:55 Loom
9:23 Feudal Age
22:18 Castle Age
22:16 Double-Bit Axe
26:39 Scale Mail Armor
27:17 Pikeman
ChasinTail
10:41 Feudal Age
9:43 Loom
12:15 Double-Bit Axe
18:36 Wheelbarrow
17:49 Horse Collar
21:40 Castle Age
20:05 Scale Barding Armor
24:41 Bow Saw
25:21 Stone Mining
26:21 Heavy Plow
26:52 Hand Cart
29:53 Chain Barding Armor
30:20 Forging
30:01 Fletching
30:58 Ballistics
31:23 Padded Archer Armor
Connection lost

Rejoining the realm…

Still unreachable

The connection could not be restored.

Session expired

The server has moved on; the page needs a fresh start.